 Dungeon Crawl Stone Soup version 0.30.0-29-ga12c61a403 (webtiles) character file.

Game seed: 6536841915508626570

16754 booth the Fighter (level 12, -9/94 HPs)
             Began as a Demonspawn Gladiator on June 14, 2023.
             Was a Priest of Ashenzari.
             Shot with an arrow by Nessos (12 damage)
             ... on level 12 of the Dungeon.
             The game lasted 01:35:43 (13427 turns).

booth the Fighter (Demonspawn Gladiator)           Turns: 13427, Time: 01:35:44

Health: -9/94      AC: 28    Str: 18    XL:     12   Next: 12%
Magic:  20/20      EV: 22    Int: 19    God:    Ashenzari [***...]
Gold:   704        SH:  0    Dex: 18    Spells: 21/22 levels left

rFire   . . .        s - +3 war axe
rCold   + . .        (no shield)
rNeg    + . .        L - +5 robe of Panentheism {rC+ Int+7}
rPois   .            c - +1 helmet of Ashenzari's Inaction {Fort, Elem} (curse)
rElec   .            z - +2 cloak "Thunder Perfect Mind" {Cun, Evo} (curse)
rCorr   .            U - +2 pair of gloves "Ordeal of Ashenzari" {Melee, Fort} (curse)
SInv    +            N - +2 pair of boots {rampage}
Will    .....        (no amulet)
Stlth   ++           t - ring of Ashenzari's Visionary {EV+5 Dex+4, Bglg, Cun} (curse)
HPRegen 0.35/turn    Q - ring "Eternal Dismay" {rN+, Elem, Fort} (curse)
MPRegen 0.34/turn

%: clarity, rampage
@: lethally poisoned (-9 -> -15), sanguine armoured
A: powered by pain 2, magic regeneration, sanguine armour 2, demonic touch 1
a: Renounce Religion, Shatter the Chains


You were on level 12 of the Dungeon.
You worshipped Ashenzari.
Ashenzari was most pleased with you.
You visited 2 branches of the dungeon, and saw 13 of its levels.

You collected 1224 gold pieces.
You spent 520 gold pieces at shops.

Inventory:

Hand Weapons
 m - a +2 heavy hand axe
 s - a +3 war axe (weapon)
 C - a +0 flail
 D - a +2 heavy war axe
 O - a +3 mace of protection
Missiles
 a - 7 boomerangs
 d - 4 throwing nets
 e - 2 javelins
 j - 33 poisoned darts (quivered)
 o - 6 atropa-tipped darts
Armour
 c - the cursed +1 helmet of Ashenzari's Inaction (worn) {Fort, Elem}

   It has a curse which improves the following skills: Fortitude: Armour and
   Shields.
   Elements:  Fire Magic, Ice Magic, Air Magic and Earth Magic.
 z - the cursed +2 cloak "Thunder Perfect Mind" (worn) {Cun, Evo}
   (You found it on level 4 of the Dungeon)

   It has a curse which improves the following skills: Cunning: Dodging and
   Stealth.
   Evocations: Evocations.
 G - a +0 ring mail
 L - the +5 robe of Panentheism (worn) {rC+ Int+7}
   (You found it on level 12 of the Dungeon)

   Int:       It affects your intelligence (+7).
   rC:        It protects you from cold.
 N - a +2 pair of boots of rampaging (worn)
 U - the cursed +2 pair of gloves "Ordeal of Ashenzari" (worn) {Melee, Fort}
   (You bought it in a shop on level 9 of the Dungeon)

   It has a curse which improves the following skills: Melee Combat: Short
   Blades, Long Blades, Axes, Maces & Flails, Polearms, Staves and Unarmed
   Combat.
   Fortitude: Armour and Shields.
 Y - a +2 chain mail of fire resistance
Jewellery
 g - a ring of ice
 t - the cursed ring of Ashenzari's Visionary (left hand) {EV+5 Dex+4, Bglg, Cun}
   (You found it on level 2 of the Dungeon)

   [ring of evasion]

   EV:        It affects your evasion (+5).
   Dex:       It affects your dexterity (+4).
   It has a curse which improves the following skills: Beguiling: Conjurations,
   Hexes and Translocations.
   Cunning:   Dodging and Stealth.
 Q - the cursed ring "Eternal Dismay" (right hand) {rN+, Elem, Fort}
   (You took it off a kobold on level 8 of the Dungeon)

   [ring of positive energy]

   rN:        It protects you from negative energy.
   It has a curse which improves the following skills: Elements: Fire Magic, Ice
   Magic, Air Magic and Earth Magic.
   Fortitude: Armour and Shields.
 R - a ring of fire
Wands
 p - a wand of mindburst (20)
 A - a wand of digging (4)
 J - a wand of flame (29)
 K - a wand of charming (11)
 P - a wand of polymorph (12)
Scrolls
 f - 4 scrolls of fear
 i - 2 scrolls of blinking
 l - 3 scrolls of fog
 q - 3 scrolls of poison
 v - 2 scrolls of immolation
 y - a scroll of teleportation
 F - a scroll of amnesia
 H - 2 scrolls of silence
 I - a scroll of summoning
 V - a scroll of enchant armour
 W - 2 scrolls of magic mapping
Potions
 b - a potion of invisibility
 h - 4 potions of flight
 n - 4 potions of brilliance
 r - 2 potions of haste
 u - a potion of magic
 w - 4 potions of ambrosia
 B - 2 potions of resistance
 M - 5 potions of mutation
 S - 5 potions of might
 T - a potion of berserk rage


   Skills:
 + Level 8.7 Fighting
 + Level 8.2(10.5) Axes
 + Level 6.2(9.3) Maces & Flails
 + Level 7.9 Throwing
 + Level 4.1(6.8) Armour
 - Level 6.8(9.1) Dodging
 + Level 5.5 Spellcasting
 + Level 6.1(7.6) Evocations


You had 21 spell levels left.
You knew the following spells:

 Your Spells              Type           Power      Damage    Failure   Level
a - Shock                 Conj/Air       24%        1d4       11%         1

Your spell library contained the following spells:

 Spells                   Type           Power      Damage    Failure   Level
 Slow                     Hex            20%        N/A       11%         1
 Sting                    Tmut/Pois      20%        1d4       12%         1
 Cigotuvi's Dreadful Rot  Necr/Pois/Air  10%        N/A       17%         2
 Lesser Beckoning         Tloc           10%        N/A       17%         2
 Poisonous Vapours        Pois/Air       10%        N/A       17%         2
 Sublimation of Blood     Necr           5%         N/A       19%         2
 Wereblood                Tmut           5%         N/A       19%         2
 Swiftness                Air            6%         N/A       30%         3
 Confusing Touch          Hex            5%         N/A       32%         3
 Gell's Gravitas          Tloc           5%         N/A       32%         3
 Teleport Other           Tloc           5%         N/A       32%         3
 Vhi's Electric Charge    Tloc/Air       12%        N/A       32%         3
 Vampiric Draining        Necr           5%         2d6       34%         3
 Airstrike                Air            3%         2d(1-17)  71%         4
 Summon Ice Beast         Ice/Summ       5%         N/A       73%         4
 Olgreb's Toxic Radiance  Pois           5%         N/A       75%         4
 Arcjolt                  Conj/Air       3%         1d13      96%         5
 Summon Mana Viper        Hex/Summ       5%         N/A       97%         5
 Monstrous Menagerie      Summ           2%         N/A       100%        7
 Summon Hydra             Summ           2%         N/A       100%        7
 Maxwell's Capacitive Co  Air            3%         ∞         100%        8


Dungeon Overview and Level Annotations

Branches:
Dungeon (12/15)            Temple (1/1) D:5            Lair (0/5) D:9
    Orc (0/2) D:12

Altars:
Ashenzari
Cheibriados
Dithmenos
Fedhas
Gozag
Hepliaklqana
Kikubaaqudgha
Makhleb
Nemelex Xobeh
Okawaru
Qazlal
Ru
Sif Muna
Trog
Uskayaw
Vehumet
Wu Jian
Xom
Yredelemnul

Shops:
D:1 *[*   D:3 (   D:9 [(*:

Annotations:
D:12 Nessos


Innate Abilities, Weirdness & Mutations

You sometimes gain power by taking damage.
You regenerate magic rapidly.
When seriously injured, your blood forms thick armour. (AC +9)
Your touch may inflict minor irresistible damage on your foes.


Message History

You throw a javelin. The javelin closely misses Nessos.
You feel very sick.
Nessos shoots an arrow.
The arrow completely misses you.
Nessos shoots an arrow.
The arrow hits you but does no damage.
You feel sick.
Nessos gestures wildly while chanting.
Nessos blinks!
You feel sick.
Nessos shoots an arrow.
The arrow hits you but does no damage.
Nessos shoots an arrow.
The arrow hits you!
* * * LOW HITPOINT WARNING * * *
The arrow burns you.
You are lethally poisoned!
* * * LOW HITPOINT WARNING * * *
You rampage towards Nessos!
* * * LOW HITPOINT WARNING * * *
You feel very sick.
Nessos unwields a +3 longbow of flaming.
It stops flaming.
Nessos hits you but does no damage. Nessos kicks you.
* * * LOW HITPOINT WARNING * * *
Nessos casts a spell.
Nessos blinks!
As you read the scroll of teleportation, it crumbles to dust.
You feel strangely unstable.
* * * LOW HITPOINT WARNING * * *
You feel very sick.
Nessos wields a +3 longbow of flaming.
It bursts into flame!
Nessos shoots an arrow.
The arrow barely misses you.
Nessos shoots an arrow.
The arrow misses you.
You feel strangely stable.
Your magical effects are unravelling.
You feel magically purged.
You feel a little less agile now.
* * * LOW HITPOINT WARNING * * *
You feel sick.
Nessos looks more healthy.
Nessos shoots an arrow.
The arrow misses you.
Nessos casts a spell.
Nessos blinks!
Nessos shoots an arrow.
The arrow hits you but does no damage.
* * * LOW HITPOINT WARNING * * *
You feel sick.
Nessos shoots an arrow.
The arrow hits you!
You die...

.####.....####...#....###.#......
.................#......#.#......
......................#...#......
.............c...................
..............)..#...###.##......
.........#..#...(....##*.##...###
.............#.(....(##..##.#..#
........................##..##.#
........<...(##.@...§....#.###.##
........#.......####.............
#......##(...#### #.#####....)..
..#######..(.# *, #.....).. #...#
#(....# ## * #<....... ###.#
#......# #., ##........
#.###(#....# #.* ##.........
#..##.###### * #.*##..#.......
##..#.# * .. ###.##..##>......


You could see Nessos (fast).

Vanquished Creatures
  Harold (D:9)
  3 two-headed ogres
  A centaur warrior (D:10)
  Erica (D:9)
  Lodul (D:10)
  Pikel (D:9)
  A cyclops (D:12)
  A manticore (D:11)
  An ugly thing (D:12)
  6 gargoyles
  2 kobold demonologists
  2 komodo dragons (D:9)
  3 slime creatures (D:12)
  4 yaks (D:9)
  2 shadows (D:11)
  A wyvern (D:9)
  3 wraiths (D:10)
  A basilisk (D:9)
  A steam dragon (D:6)
  2 vampire mosquitoes (D:12)
  Menkaure (D:4)
  An acid dragon (D:12)
  A water moccasin (D:6)
  2 ice beasts (D:7)
  3 orc warriors
  A swamp drake (D:9)
  2 black bears
  9 ogres
  5 centaurs
  A phantom (D:6)
  Blork the orc (D:6)
  2 kobold brigands (D:8)
  A gnoll sergeant (D:12)
  3 bullfrogs
  A scorpion (D:7)
  16 wights
  18 killer bees
  2 howler monkeys
  3 hounds
  A gnoll bouda (D:9)
  5 orc priests
  Crazy Yiuf (D:4)
  3 jellies
  4 iguanas (D:5)
  Jessica (D:2)
  A sleepcap (D:3)
  7 orc wizards
  4 adders
  12 gnolls
  2 white imps (D:6)
  3 worms
  38 orcs
  8 ball pythons
  9 endoplasms
  A giant cockroach (D:3)
  7 hobgoblins
  6 jackals (D:3)
  3 quokkas
  4 bats
  6 frilled lizards
  6 goblins
  11 kobolds
  3 rats
257 creatures vanquished.

Vanquished Creatures (collateral kills)
  3 orc warriors (D:12)
  An orc priest (D:12)
  An orc wizard (D:12)
  An orc (D:12)
6 creatures vanquished.

Grand Total: 263 creatures vanquished

Notes
Turn   | Place    | Note
-------+----------+-------------------------------------------
     0 | D:1      | booth the Demonspawn Gladiator began the quest for the Orb.
     0 | D:1      | Reached XP level 1. HP: 16/16 MP: 1/1
    51 | D:1      | Found Pig Dur's Assorted Antiques.
    72 | D:1      | Found Plog's Antique Armour Emporium.
   195 | D:1      | Gained mutation: Your touch may inflict minor irresistible
                  | damage on your foes. [demonic ancestry]
   195 | D:1      | Reached XP level 2. HP: 22/22 MP: 2/2
   475 | D:1      | Found Meolopn's General Store.
  1079 | D:1      | Bought a cloak for 130 gold pieces
  1175 | D:2      | Identified the ring "Beomoam" {EV+5 Dex+4}
  1228 | D:2      | Reached XP level 3. HP: 23/28 MP: 3/3
  1363 | D:2      | Noticed Jessica
  1395 | D:2      | Killed Jessica
  1412 | D:2      | Got Jessica's Octavo of Diablerie
  1608 | D:3      | Found Ulagecir's Weapon Shop.
  1632 | D:3      | Reached XP level 4. HP: 30/34 MP: 4/4
  2056 | D:3      | Gained mutation: You sometimes gain a little power by
                  | taking damage. [demonic ancestry]
  2056 | D:3      | Reached XP level 5. HP: 39/41 MP: 5/5
  2503 | D:4      | Found a stormy altar of Qazlal.
  2676 | D:4      | Noticed an ogre
  2796 | D:4      | Found a runed translucent door.
  2797 | D:4      | Noticed Crazy Yiuf
  2803 | D:4      | Killed Crazy Yiuf
  2804 | D:4      | Gained mutation: You regenerate magic rapidly. [demonic
                  | ancestry]
  2804 | D:4      | Reached XP level 6. HP: 41/47 MP: 4/6
  2861 | D:4      | Noticed Menkaure
  2870 | D:4      | Killed Menkaure
  3239 | D:5      | Entered Level 5 of the Dungeon
  3333 | D:5      | Reached XP level 7. HP: 54/54 MP: 7/7
  3438 | D:5      | Found a bloodstained altar of Trog.
  3822 | D:5      | Found a shimmering altar of Xom.
  3942 | D:5      | Found a staircase to the Ecumenical Temple.
  4290 | Temple   | Entered the Ecumenical Temple
  4436 | Temple   | Became a worshipper of Ashenzari the Shackled
  4808 | D:6      | Noticed Blork the orc
  4823 | D:6      | Killed Blork the orc
  5055 | D:6      | Noticed a steam dragon
  5068 | D:6      | Killed a steam dragon
  5125 | D:6      | Reached skill level 5 in Fighting
  5125 | D:6      | Reached skill level 5 in Axes
  5125 | D:6      | Gained mutation: You sometimes gain power by taking damage.
                  | [demonic ancestry]
  5125 | D:6      | Reached XP level 8. HP: 39/62 MP: 8/8
  5234 | D:6      | Reached skill level 5 in Dodging
  5267 | D:6      | Noticed a kobold demonologist
  5291 | D:6      | Reached skill level 1 in Maces & Flails
  5502 | D:6      | Killed a kobold demonologist
  5503 | D:6      | Reached skill level 5 in Throwing
  5642 | D:1      | Bought a pair of glowing boots for 195 gold pieces
  6050 | D:6      | Reached * piety under Ashenzari
  6114 | D:7      | Reached XP level 9. HP: 66/69 MP: 9/9
  6206 | D:7      | Reached skill level 1 in Evocations
  6263 | D:7      | Found a burning altar of Makhleb.
  6272 | D:7      | Reached skill level 1 in Spellcasting
  6630 | D:7      | Found a sparkling altar of Nemelex Xobeh.
  6778 | D:7      | Reached ** piety under Ashenzari
  7645 | D:8      | Noticed a two-headed ogre
  7660 | D:8      | Killed a two-headed ogre
  7661 | D:8      | Reached XP level 10. HP: 51/77 MP: 12/14
  8441 | D:9      | Noticed Pikel
  8449 | D:9      | Killed Pikel
  8641 | D:9      | Found Fezidid's Antique Weapon Emporium.
  8661 | D:9      | Found Zawas's Book Emporium.
  8664 | D:9      | Found Setu's Assorted Antiques.
  8665 | D:9      | Found Qataog's Antique Armour Emporium.
  8680 | D:9      | Bought a pair of embroidered gloves for 195 gold pieces
  8963 | D:9      | Found a hide-covered altar of Uskayaw.
  9185 | D:9      | Found a staircase to the Lair.
  9203 | D:9      | Reached skill level 1 in Armour
  9348 | D:9      | Noticed an orange demon
  9535 | D:9      | Noticed Erica
  9547 | D:9      | Killed Erica
  9760 | D:9      | Gained mutation: When seriously injured, your blood forms
                  | armour. (AC +9) [demonic ancestry]
  9760 | D:9      | Reached XP level 11. HP: 78/82 MP: 17/17
  9788 | D:9      | Noticed Harold
  9811 | D:9      | Killed Harold
  9812 | D:9      | Reached skill level 5 in Maces & Flails
 10206 | D:10     | Entered Level 10 of the Dungeon
 10206 | D:10     | You fall into a shaft and drop 2 floors!
 10387 | D:10     | Learned a level 1 spell: Shock
 10402 | D:10     | Noticed a centaur warrior
 10419 | D:10     | Killed a centaur warrior
 10569 | D:10     | Found an iron altar of Okawaru.
 10569 | D:10     | Found a snail-covered altar of Cheibriados.
 10700 | D:10     | Reached skill level 5 in Evocations
 11289 | D:10     | Noticed Lodul
 11343 | D:10     | Killed Lodul
 11355 | D:10     | Noticed a two-headed ogre
 11364 | D:10     | Killed a two-headed ogre
 11365 | D:10     | Reached skill level 5 in Spellcasting
 11942 | D:11     | Noticed a two-headed ogre
 11953 | D:11     | Killed a two-headed ogre
 12171 | D:11     | Reached *** piety under Ashenzari
 12758 | D:12     | Identified the +5 robe of Panentheism {rC+ Int+7}
 12968 | D:12     | Gained mutation: When seriously injured, your blood forms
                  | thick armour. (AC +9) [demonic ancestry]
 12968 | D:12     | Reached XP level 12. HP: 80/94 MP: 20/20
 12971 | D:12     | Noticed a two-headed ogre
 13007 | D:12     | Found a staircase to the Orcish Mines.
 13384 | D:12     | Noticed Nessos
 13427 | D:12     | HP: 3/94 [poisoned by Nessos]
 13427 | D:12     | Shot with an arrow by Nessos

Illustrated notes

Levels and vault maps discovered:
D:1:      minmay_arrival_floating_metal, layout_rooms, serial_shops, shop, shop,
          shop_statue, dreamdust_wishing_well, serial_park_tiny_1
D:2:      layout_loops_ring, kennysheep_jessica_study
D:3:      layout_loops_ring, serial_shops, nicolae_shop_trees, uniq_jessica
D:4:      layout_cave_pools, mainiacjoe_overflow_brackets,
          uniq_crazy_yiuf_cottage, uniq_menkaure
D:5:      layout_loops_corners, trog_butcher_becter,
          nicolae_overflow_hidden_temple, minmay_temple_entry_sparse_star
D:6:      layout_gridville, minmay_chambers_of_fives, uniq_blork_the_orc
D:7:      layout_layer_cave, amcnicky_altar_gilded, lemuel_doored_altar,
          mainiacjoe_overflow_concentric_impassable
D:8:      layout_cave_pods
D:9:      layout_roguey, mainiacjoe_overflow_alcove_2, erik_lair_dragon,
          hangedman_decor_points, minmay_shop_grid_forest, uniq_erica,
          uniq_pikel, uniq_harold
D:10:     layout_gridville, jmf_multi_god_temple, uniq_lodul
D:11:     layout_roguey, minmay_misc_feat_columns
D:12:     cheibrodos_barr_body, layout_rooms, david_orc_4,
          minmay_fractal_squares_gapless_5, uniq_nessos
Temple:   hellmonk_temple_forest_ring

Skill      XL: |  1  2  3  4  5  6  7  8  9 10 11 12 |
---------------+-------------------------------------+-----
Throwing       | 2 3 4 5 6 7 |  7.9
Axes           | 3 4 5 6 7 8 |  8.2
Dodging        | 3 4 5 6 |  6.8
Fighting       | 3 4 5 6 7 8 |  8.7
Maces & Flails | 2 3 4 6 |  6.2
Evocations     | 3 4 5 6 |  6.1
Spellcasting   | 2 4 5 |  5.5
Armour         | 1 3 4 |  4.1

Action                     |  1- 3 |  4- 6 |  7- 9 | 10-12 || total
---------------------------+-------+-------+-------+-------++-------
  Melee: War axe           |    65 |    84 |   238 |   430 ||   817
         Touch             |     9 |    18 |    54 |    95 ||   176
         Punch             |     1 |       |     5 |     6 ||    12
  Throw: Javelin           |     1 |     1 |       |    14 ||    16
         Dart              |     1 |       |     4 |    13 ||    18
 Invoke: Curse Item        |       |       |     3 |     2 ||     5
  Evoke: Wand              |       |       |       |     1 ||     1
    Use: Scroll            |     4 |     4 |     4 |     7 ||    19
         Potion            |     1 |       |     2 |     5 ||     8
   Stab: Sleeping          |     1 |       |       |     1 ||     2
         Distracted        |       |     1 |       |     1 ||     2
         Invisible         |       |       |       |     1 ||     1
         Fleeing           |       |       |       |     2 ||     2
 Armour: Leather armour    |    21 |       |       |       ||    21
         Robe              |     1 |    14 |    57 |    84 ||   156
  Dodge: Dodged            |    50 |    73 |   295 |   450 ||   868
